[Event "94th FRA-ch Open B 2019"]
[Site "Chartres"]
[Date "2019.08.20"]
[Round "4.5"]
[White "Delin, Valere"]
[Black "Gelos, Guillaume"]
[Result "1-0"]
[ECO "B77"]
[WhiteElo "1866"]
[BlackElo "1905"]
[Annotator "NA"]
[PlyCount "55"]
[EventDate "2019.08.17"]
[EventType "swiss"]
[EventCountry "FRA"]
[SourceTitle "playchess.com"]
[Source "ChessBase"]
[SourceQuality "1"]
[TimeControl "40/5400+30:1800+30"]

1. e4 c5 2. Nf3 Nc6 3. d4 cxd4 4. Nxd4 g6 5. Nc3 Bg7 6. Be3 Nf6 7. Bc4 O-O 8. Bb3 d6 9. f3 Bd7 10. Qd2 Nxd4 11. Bxd4 b5 12. O-O a5 13. a3 Qc7 14. Kh1 Rfb8 15. Bxf6 exf6 16. Rad1 Ra6 17. f4 Be8 18. f5 g5 19. Rf3 Bc6 20. h4 Qb7 21. hxg5 Bxe4 22. Bd5 Bxd5 23. Nxd5 fxg5 24. f6 h6 25. fxg7 Rc6 26. Rh3 f5 27. Rxh6 Qxg7 28. Rg6 1-0

[Event "94th FRA-ch Open B 2019"]
[Site "Chartres"]
[Date "2019.08.20"]
[Round "4.6"]
[White "Maugin, Narada"]
[Black "Berthaut, Alexandre"]
[Result "1-0"]
[ECO "B76"]
[WhiteElo "1820"]
[BlackElo "1904"]
[Annotator "NA"]
[PlyCount "81"]
[EventDate "2019.08.17"]
[EventType "swiss"]
[EventCountry "FRA"]
[SourceTitle "playchess.com"]
[Source "ChessBase"]
[SourceQuality "1"]
[TimeControl "40/5400+30:1800+30"]

1. e4 c5 2. Nc3 g6 3. Nf3 Bg7 4. d4 cxd4 5. Nxd4 Nc6 6. Be3 d6 7. Qd2 Nf6 8. f3 O-O 9. g4 Nxd4 10. Bxd4 Be6 11. O-O-O Qa5 12. a3 Rfc8 13. h4 h5 14. gxh5 Nxh5 15. Bxg7 Kxg7 16. Rg1 Rc5 17. f4 Rac8 18. f5 Rxc3 19. Qd4+ Nf6 20. bxc3 Qxa3+ 21. Kd2 Ba2 22. Bd3 Qb2 23. fxg6 e5 24. gxf7+ Kxf7 25. Qb4 Qxb4 26. cxb4 Be6 27. Ra1 a6 28. Raf1 Rh8 29. Rh1 Ke7 30. Rfg1 Rh7 31. Ke3 Nh5 32. Be2 Nf4 33. Bg4 Bf7 34. Bf5 Rh8 35. h5 Nxh5 36. Bg6 Bxg6 37. Rxg6 Nf4 38. Rxh8 Nxg6 39. Rh7+ Ke6 40. Rxb7 Ne7 41. Rb6 1-0

[Event "94th FRA-ch Open B 2019"]
[Site "Chartres"]
[Date "2019.08.21"]
[Round "5.1"]
[White "Chabaud, Mathis"]
[Black "Pinson, Alexis"]
[Result "1-0"]
[ECO "B23"]
[WhiteElo "1915"]
[BlackElo "1841"]
[Annotator "NA"]
[PlyCount "61"]
[EventDate "2019.08.17"]
[EventType "swiss"]
[EventCountry "FRA"]
[SourceTitle "playchess.com"]
[Source "ChessBase"]
[SourceQuality "1"]
[TimeControl "40/5400+30:1800+30"]

1. e4 c5 2. Nc3 d6 3. d4 cxd4 4. Qxd4 Nc6 5. Qd2 g6 6. b3 Bg7 7. Bb2 Nf6 8. O-O-O O-O 9. f3 a6 10. h4 Nh5 11. Nge2 Ne5 12. Kb1 b5 13. Nd5 Rb8 14. Qe3 Be6 15. g4 Bxd5 16. exd5 Nf6 17. h5 Qc7 18. hxg6 hxg6 19. Ng3 Rfc8 20. c3 Qb7 21. Bg2 Nxd5 22. Qd2 Nxc3+ 23. Bxc3 Nc4 24. bxc4 bxc4+ 25. Ka1 Rc5 26. Rb1 Rb5 27. Rxb5 Qxb5 28. Bxg7 Kxg7 29. Nf5+ Kf6 30. g5+ Kxf5 31. Bh3+ 1-0

[Event "94th FRA-ch Open B 2019"]
[Site "Chartres"]
[Date "2019.08.21"]
[Round "5.2"]
[White "Fretel, Liza"]
[Black "Lucbernet, Thomas"]
[Result "0-1"]
[ECO "C06"]
[WhiteElo "1859"]
[BlackElo "1873"]
[Annotator "NA"]
[PlyCount "102"]
[EventDate "2019.08.17"]
[EventType "swiss"]
[EventCountry "FRA"]
[SourceTitle "playchess.com"]
[Source "ChessBase"]
[SourceQuality "1"]
[TimeControl "40/5400+30:1800+30"]

1. e4 e6 2. d4 d5 3. Nd2 Nf6 4. e5 Nfd7 5. Bd3 c5 6. c3 Nc6 7. Ne2 cxd4 8. cxd4 f6 9. exf6 Nxf6 10. O-O Bd6 11. Nf3 Qc7 12. Nc3 a6 13. Bg5 O-O 14. Bh4 Nh5 15. Bg3 Nxg3 16. fxg3 g6 17. Qd2 Qg7 18. Bc2 Bd7 19. Rae1 Rae8 20. Re2 b5 21. Bb3 Kh8 22. Ref2 Bb8 23. a4 b4 24. Ne2 Bd6 25. Qd3 a5 26. Rc1 Ne7 27. Qa6 Nf5 28. g4 Ra8 29. Qd3 Nh6 30. h3 Nf7 31. g3 Nd8 32. Kg2 Nc6 33. h4 Rae8 34. Rh1 e5 35. Bxd5 Nxd4 36. Nexd4 exd4 37. h5 Bxg4 38. hxg6 h5 39. Rff1 Re3 40. Qa6 Qe7 41. Rf2 Bxg3 42. Qb6 Rexf3 43. Rxf3 Qe2+ 44. Kxg3 Rxf3+ 45. Bxf3 Qxf3+ 46. Kh4 Qxh1+ 47. Kg5 Qc1+ 48. Kf6 Qf4+ 49. Ke7 Kg7 50. Qxa5 Qf6+ 51. Ke8 Qf8# 0-1

[Event "94th FRA-ch Open B 2019"]
[Site "Chartres"]
[Date "2019.08.21"]
[Round "5.3"]
[White "Bosc, Gabriel"]
[Black "Maugin, Narada"]
[Result "1-0"]
[ECO "A02"]
[WhiteElo "1893"]
[BlackElo "1820"]
[Annotator "NA"]
[PlyCount "112"]
[EventDate "2019.08.17"]
[EventType "swiss"]
[EventCountry "FRA"]
[SourceTitle "playchess.com"]
[Source "ChessBase"]
[SourceQuality "1"]
[TimeControl "40/5400+30:1800+30"]

1. f4 e5 2. fxe5 d6 3. exd6 Bxd6 4. Nf3 g5 5. g3 g4 6. Nh4 Ne7 7. e4 Ng6 8. Nf5 Bxf5 9. exf5 Qe7+ 10. Be2 Ne5 11. d4 Nf3+ 12. Kf1 Nc6 13. c3 O-O-O 14. Bxf3 gxf3 15. Nd2 Rde8 16. Nxf3 Qe4 17. Kg2 Qxf5 18. Re1 Reg8 19. Nh4 Qf6 20. Qh5 Ne7 21. Rf1 Qe6 22. Nf5 Nxf5 23. Qxf5 Qxf5 24. Rxf5 Re8 25. Kf2 Re7 26. Bg5 f6 27. Bd2 h5 28. Re1 Rxe1 29. Bxe1 h4 30. Kg2 hxg3 31. hxg3 Rh6 32. Bd2 Rg6 33. Rf3 Kd7 34. c4 c6 35. Rb3 b6 36. Rf3 Ke6 37. Be1 f5 38. Re3+ Kd7 39. Kf3 Rg4 40. Rd3 Ke6 41. Bf2 Kf6 42. Rd1 Kf7 43. Rh1 Be7 44. Rh7+ Ke6 45. Rh8 Bf6 46. Rh6 Kf7 47. Rh7+ Bg7 48. Rh4 Rg6 49. b3 Bf6 50. Rh7+ Bg7 51. Be3 Ke6 52. Bf4 Bxd4 53. Rxa7 Rg7 54. Rxg7 Bxg7 55. Ke3 b5 56. a4 Bf6 1-0

[Event "94th FRA-ch Open B 2019"]
[Site "Chartres"]
[Date "2019.08.21"]
[Round "5.4"]
[White "Martin, Axel"]
[Black "Delin, Valere"]
[Result "1/2-1/2"]
[ECO "D00"]
[WhiteElo "1998"]
[BlackElo "1866"]
[Annotator "NA"]
[PlyCount "111"]
[EventDate "2019.08.17"]
[EventType "swiss"]
[EventCountry "FRA"]
[SourceTitle "playchess.com"]
[Source "ChessBase"]
[SourceQuality "1"]
[TimeControl "40/5400+30:1800+30"]

1. d4 Nf6 2. Nc3 d5 3. Bf4 e6 4. Nb5 Na6 5. e3 c6 6. Nc3 Bd6 7. Nf3 Bxf4 8. exf4 Qa5 9. Bd3 c5 10. Bb5+ Bd7 11. a4 cxd4 12. Nxd4 O-O 13. O-O Rac8 14. g4 Rfd8 15. g5 Ne4 16. Nxe4 dxe4 17. c3 Qc7 18. Bxd7 Rxd7 19. Qg4 Rcd8 20. Rfe1 Nc5 21. Re3 Rxd4 22. cxd4 Rxd4 23. Rc1 b6 24. f5 exf5 25. Qxf5 Qd8 26. a5 Rd5 27. Qh3 Rxg5+ 28. Rg3 h6 29. Qf1 Nd3 30. Rd1 Rxa5 31. Qe2 Qd4 32. Qe3 Qxe3 33. Rxe3 Nxb2 34. Rd8+ Kh7 35. Rxe4 Rf5 36. Rd2 Rb5 37. Re7 Nc4 38. Rd4 Ne5 39. Re4 Nf3+ 40. Kg2 Ng5 41. Ra4 a5 42. h4 Ne6 43. Rxf7 Kg6 44. Rf3 Rf5 45. Rc4 Rxf3 46. Kxf3 Kf5 47. Ke3 b5 48. Rc6 Ke5 49. Rb6 Nd4 50. f4+ Kd5 51. h5 Nf5+ 52. Kf3 Nd4+ 53. Ke3 b4 54. Rb7 Nf5+ 55. Kf3 Kc4 56. Ke4 1/2-1/2

[Event "94th FRA-ch Open B 2019"]
[Site "Chartres"]
[Date "2019.08.21"]
[Round "5.5"]
[White "Ferry, Roger"]
[Black "Trouville, Remi"]
[Result "1/2-1/2"]
[ECO "A43"]
[WhiteElo "1853"]
[BlackElo "1991"]
[Annotator "NA"]
[PlyCount "110"]
[EventDate "2019.08.17"]
[EventType "swiss"]
[EventCountry "FRA"]
[SourceTitle "playchess.com"]
[Source "ChessBase"]
[SourceQuality "1"]
[TimeControl "40/5400+30:1800+30"]

1. d4 Nf6 2. Nf3 c5 3. d5 b5 4. a3 Bb7 5. Nc3 b4 6. axb4 cxb4 7. Na4 Bxd5 8. Bg5 e6 9. e3 h6 10. Bh4 Be7 11. Bd3 O-O 12. O-O Bb7 13. Qe2 Nc6 14. Rfd1 Kh8 15. c3 a5 16. cxb4 Nxb4 17. Bb5 d5 18. Nc3 Nh5 19. Bxe7 Qxe7 20. Ra4 Ra7 21. Rda1 Rfa8 22. Nd4 Qg5 23. Nf3 Qe7 24. Nd4 g6 25. Nc2 Nc6 26. Nd4 Nb4 27. Nc2 Nxc2 28. Qxc2 Qc7 29. Qd2 Bc8 30. Rc1 Qd6 31. Qd4+ e5 32. Qxd5 Qxd5 33. Nxd5 Be6 34. Nc3 Rd8 35. h3 Bb3 36. Ra3 Be6 37. Rca1 Rd2 38. Rxa5 Rxa5 39. Rxa5 Rxb2 40. Be2 Nf6 41. Bf3 Kg7 42. Ra1 Rc2 43. Ne4 Nd5 44. Bd1 Rc7 45. Bb3 g5 46. Nd2 Rb7 47. Bxd5 Bxd5 48. Rb1 Rd7 49. Nf3 Bxf3 50. gxf3 Re7 51. Rb4 Kg6 52. Kg2 h5 53. Kg3 Kf5 54. Rb6 Re6 55. Rb8 e4 1/2-1/2

[Event "94th FRA-ch Open B 2019"]
[Site "Chartres"]
[Date "2019.08.21"]
[Round "5.6"]
[White "Charon, Olivier"]
[Black "Le Menelec, Erwan-Son"]
[Result "0-1"]
[ECO "B08"]
[WhiteElo "1834"]
[BlackElo "1986"]
[Annotator "NA"]
[PlyCount "98"]
[EventDate "2019.08.17"]
[EventType "swiss"]
[EventCountry "FRA"]
[SourceTitle "playchess.com"]
[Source "ChessBase"]
[SourceQuality "1"]
[TimeControl "40/5400+30:1800+30"]

1. e4 d6 2. d4 g6 3. Nf3 Bg7 4. Bc4 Nf6 5. Nc3 O-O 6. O-O Nxe4 7. Bxf7+ Rxf7 8. Nxe4 h6 9. Qd3 Bf5 10. Nh4 d5 11. Nxf5 dxe4 12. Nxh6+ Bxh6 13. Qxe4 Bg7 14. c3 Nc6 15. Qxg6 e5 16. Bg5 Qd6 17. Qxd6 cxd6 18. dxe5 dxe5 19. Rfe1 Raf8 20. f3 Bf6 21. Bh6 Rd8 22. g4 Bh4 23. Rf1 Rd6 24. Be3 Rd3 25. Bf2 Bxf2+ 26. Rxf2 Rdxf3 27. Re2 R7f4 28. Kg2 Rd3 29. h3 Rff3 30. Rh1 Rg3+ 31. Kf2 Rdf3+ 32. Ke1 Rxh3 33. Rxh3 Rxh3 34. Rd2 Rh1+ 35. Ke2 Rh2+ 36. Ke3 Rxd2 37. Kxd2 Kf7 38. Ke3 Kf6 39. Ke4 Kg5 40. Kf3 a5 41. a4 b6 42. b3 Kh4 43. Ke4 Kxg4 44. b4 Nxb4 45. Kxe5 Nd3+ 46. Kd5 Nb2 47. Kc6 Nxa4 48. Kb5 Nxc3+ 49. Kc6 Na4 0-1

[Event "94th FRA-ch Open B 2019"]
[Site "Chartres"]
[Date "2019.08.22"]
[Round "6.1"]
[White "Lucbernet, Thomas"]
[Black "Chabaud, Mathis"]
[Result "1/2-1/2"]
[ECO "E11"]
[WhiteElo "1873"]
[BlackElo "1915"]
[Annotator "NA"]
[PlyCount "59"]
[EventDate "2019.08.17"]
[EventType "swiss"]
[EventCountry "FRA"]
[SourceTitle "playchess.com"]
[Source "ChessBase"]
[SourceQuality "1"]
[TimeControl "40/5400+30:1800+30"]

1. d4 Nf6 2. c4 e6 3. g3 Bb4+ 4. Bd2 Qe7 5. Bg2 O-O 6. Nf3 Bxd2+ 7. Nbxd2 d6 8. O-O e5 9. Qb3 a5 10. Qa3 Nc6 11. dxe5 Nxe5 12. e3 Bg4 13. Nxe5 Qxe5 14. h3 Bd7 15. Rac1 Bc6 16. Qc3 Qe6 17. Rfd1 Rfe8 18. Qd4 Bxg2 19. Kxg2 Nd7 20. Nf3 Nc5 21. Ng5 Qf5 22. Nf3 Re6 23. Qd5 Qxd5 24. Rxd5 f6 25. Rc2 Kf7 26. Rd1 Ree8 27. Nd4 Ne6 28. Nf3 Nc5 29. Nd4 Ne6 30. Nf3 1/2-1/2

[Event "94th FRA-ch Open B 2019"]
[Site "Chartres"]
[Date "2019.08.22"]
[Round "6.2"]
[White "Partinico, Jeremy"]
[Black "Bosc, Gabriel"]
[Result "1/2-1/2"]
[ECO "B31"]
[WhiteElo "1985"]
[BlackElo "1893"]
[Annotator "NA"]
[PlyCount "160"]
[EventDate "2019.08.17"]
[EventType "swiss"]
[EventCountry "FRA"]
[SourceTitle "playchess.com"]
[Source "ChessBase"]
[SourceQuality "1"]
[TimeControl "40/5400+30:1800+30"]

1. e4 c5 2. Nf3 Nc6 3. Bb5 g6 4. Nc3 Bg7 5. O-O Nf6 6. e5 Ng4 7. Ng5 Nh6 8. f4 Nd4 9. Bc4 O-O 10. Ne2 Nxe2+ 11. Qxe2 d5 12. exd6 exd6 13. Bd5 Rb8 14. c3 b5 15. Re1 Bf6 16. Ne4 Bg7 17. d3 Ba6 18. a3 Bb7 19. Bxb7 Rxb7 20. Qf3 Re7 21. Be3 Rfe8 22. Rad1 d5 23. Nxc5 d4 24. Bd2 dxc3 25. bxc3 Rxe1+ 26. Bxe1 Qa5 27. Qc6 Re2 28. Kf1 Rc2 29. Qc8+ Bf8 30. Nd7 Qxa3 31. Ra1 Qe7 32. Qxf8+ Qxf8 33. Nxf8 Kxf8 34. Rxa7 Ng4 35. Ra1 Ne3+ 36. Kg1 Rxg2+ 37. Kh1 Rc2 38. h3 Nd5 39. Rb1 Nxf4 40. Bg3 Ne2 41. Bd6+ Ke8 42. Rxb5 Rxc3 43. Re5+ Kd7 44. Bb4 Rb3 45. Bf8 Nc1 46. Re7+ Kd8 47. Rxf7 Ke8 48. Rf3 Nxd3 49. Bh6 Ke7 50. Bg5+ Ke6 51. Kh2 Nc5 52. Rxb3 Nxb3 53. Be3 Kf5 54. Kg3 Na5 55. h4 h5 56. Bg5 Ke4 57. Bd2 Nc4 58. Bf4 Ne3 59. Bg5 Nf5+ 60. Kf2 Nd4 61. Kg3 Ne6 62. Be7 Kf5 63. Kf3 Ke5 64. Kg3 Ke4 65. Bf6 Nc7 66. Bd8 Nd5 67. Bg5 Ne3 68. Kf2 Nf5 69. Kg2 Nd6 70. Kg3 Nc4 71. Bf4 Ne3 72. Bg5 Nc2 73. Kf2 Nd4 74. Kg3 Ne6 75. Bf6 Ke3 76. Be7 Ng7 77. Bg5+ Ke4 78. Kf2 Ne6 79. Bh6 Nd4 80. Kg2 Nc2 1/2-1/2

[Event "94th FRA-ch Open B 2019"]
[Site "Chartres"]
[Date "2019.08.22"]
[Round "6.3"]
[White "Le Menelec, Erwan-Son"]
[Black "Tardi, Oscar"]
[Result "1-0"]
[ECO "C41"]
[WhiteElo "1986"]
[BlackElo "1864"]
[Annotator "NA"]
[PlyCount "74"]
[EventDate "2019.08.17"]
[EventType "swiss"]
[EventCountry "FRA"]
[SourceTitle "playchess.com"]
[Source "ChessBase"]
[SourceQuality "1"]
[TimeControl "40/5400+30:1800+30"]

1. e4 d6 2. d4 Nf6 3. Nc3 e5 4. Nf3 Nbd7 5. Bc4 Be7 6. O-O O-O 7. Qe2 c6 8. a4 a5 9. h3 h6 10. Be3 Qc7 11. Rad1 Re8 12. Ba2 Nf8 13. Qc4 Ne6 14. d5 cxd5 15. exd5 Qxc4 16. Bxc4 Nf8 17. Nb5 Bf5 18. Nc7 Bxc2 19. Nxe8 Nxe8 20. Ra1 Bh7 21. Rac1 g5 22. Bb5 Nf6 23. Rc7 Nxd5 24. Rxb7 Nxe3 25. fxe3 Bd8 26. Bc4 Ne6 27. Nxe5 Be4 28. Rbxf7 d5 29. Bd3 Rb8 30. Bxe4 dxe4 31. Nc6 Rc8 32. Ne7+ Bxe7 33. Rxe7 Ng7 34. Rxe4 Rc5 35. b4 axb4 36. Rxb4 Nf5 37. Rb5 Rc6 1-0

[Event "94th FRA-ch Open B 2019"]
[Site "Chartres"]
[Date "2019.08.22"]
[Round "6.4"]
[White "Antoine, Jean-Luc"]
[Black "Fretel, Liza"]
[Result "1-0"]
[ECO "A36"]
[WhiteElo "1959"]
[BlackElo "1859"]
[Annotator "NA"]
[PlyCount "79"]
[EventDate "2019.08.17"]
[EventType "swiss"]
[EventCountry "FRA"]
[SourceTitle "playchess.com"]
[Source "ChessBase"]
[SourceQuality "1"]
[TimeControl "40/5400+30:1800+30"]

1. c4 c5 2. Nc3 Nc6 3. g3 e6 4. Bg2 Nge7 5. d3 d5 6. Bd2 d4 7. Na4 Qd6 8. e4 e5 9. f4 g6 10. Nf3 Bg7 11. O-O O-O 12. a3 f5 13. fxe5 Nxe5 14. Nxe5 Bxe5 15. b4 cxb4 16. axb4 Rb8 17. Qe2 Bd7 18. Nc5 Nc6 19. Nxd7 Qxd7 20. exf5 Rbe8 21. fxg6 Rxf1+ 22. Qxf1 hxg6 23. b5 Nd8 24. Rxa7 Kg7 25. Qf3 Qe7 26. Ra1 b6 27. Rf1 Rh8 28. Qg4 Bf6 29. Re1 Qf7 30. Bd5 Qc7 31. Bf4 Qa7 32. Be4 Qf7 33. Ra1 Re8 34. Bd2 Re7 35. h4 Re5 36. Ra7 Qxa7 37. Qxg6+ Kf8 38. Qxf6+ Nf7 39. Bh6+ Ke8 40. Bc6+ 1-0

[Event "94th FRA-ch Open B 2019"]
[Site "Chartres"]
[Date "2019.08.22"]
[Round "6.5"]
[White "Ragneau, Freddy"]
[Black "Le Solleu, Guillaume"]
[Result "1-0"]
[ECO "B47"]
[WhiteElo "1814"]
[BlackElo "1944"]
[Annotator "NA"]
[PlyCount "107"]
[EventDate "2019.08.17"]
[EventType "swiss"]
[EventCountry "FRA"]
[SourceTitle "playchess.com"]
[Source "ChessBase"]
[SourceQuality "1"]
[TimeControl "40/5400+30:1800+30"]

1. e4 c5 2. Nf3 e6 3. a3 a6 4. d4 cxd4 5. Nxd4 Nf6 6. Nc3 Qc7 7. Be2 Nc6 8. O-O Nxd4 9. Qxd4 Bd6 10. h3 Bc5 11. Qd3 b5 12. Be3 Bxe3 13. Qxe3 Bb7 14. Rfd1 O-O 15. Rac1 d6 16. Rd2 Rfd8 17. Rcd1 d5 18. e5 Nd7 19. f4 Rac8 20. Na2 Qc5 21. Qxc5 Rxc5 22. c3 Nb6 23. Bf3 Nc4 24. Re2 Rcc8 25. Nc1 a5 26. Nb3 Ba6 27. Ra1 Rb8 28. Nd4 Rdc8 29. f5 Re8 30. fxe6 fxe6 31. Bg4 Bc8 32. b3 Nb6 33. Nxb5 Ba6 34. a4 Nd7 35. c4 dxc4 36. bxc4 Rb6 37. Rd1 Bxb5 38. cxb5 Nc5 39. Rd4 Kf7 40. Rc2 Nxa4 41. Rxa4 Rxb5 42. Rc7+ Kg6 43. Bf3 Rxe5 44. Rg4+ Kf6 45. Rgxg7 Re1+ 46. Kf2 Ra1 47. Rcf7+ Ke5 48. Rxh7 a4 49. Ra7 Rb8 50. Ra5+ Kd6 51. Ra6+ Kc5 52. Rh5+ Kb4 53. Rh4+ Kb3 54. Rhxa4 1-0

[Event "94th FRA-ch Open B 2019"]
[Site "Chartres"]
[Date "2019.08.22"]
[Round "6.6"]
[White "Navrotescu, Vlad-Andrei"]
[Black "Martin, Axel"]
[Result "1-0"]
[ECO "D00"]
[WhiteElo "1943"]
[BlackElo "1998"]
[Annotator "NA"]
[PlyCount "85"]
[EventDate "2019.08.17"]
[EventType "swiss"]
[EventCountry "FRA"]
[SourceTitle "playchess.com"]
[Source "ChessBase"]
[SourceQuality "1"]
[TimeControl "40/5400+30:1800+30"]

1. d4 d5 2. Bf4 Nf6 3. e3 c5 4. c3 Nc6 5. Nd2 e6 6. Bd3 Bd6 7. Bg3 e5 8. dxc5 Bxc5 9. Bb5 Qe7 10. Ngf3 Bd6 11. O-O O-O 12. c4 a6 13. Ba4 e4 14. cxd5 exf3 15. dxc6 fxg2 16. Kxg2 Bxg3 17. hxg3 Qe6 18. Qf3 Qh3+ 19. Kg1 bxc6 20. Bxc6 Rb8 21. b3 Bf5 22. Qg2 Qh6 23. Nf3 Bh3 24. Qh1 Bxf1 25. Qxh6 gxh6 26. Kxf1 Rfc8 27. Nd4 Rb4 28. Bf3 Rcb8 29. Bc6 Rc8 30. Bf3 Rc5 31. Ke2 Nd5 32. Kd2 Rb8 33. Rh1 Rbc8 34. Rxh6 Nb4 35. Be4 Rd8 36. a3 Na2 37. Rxa6 Nc3 38. Bd3 Nb5 39. Nxb5 Rxb5 40. Kc3 Rbd5 41. Bc4 Rd2 42. Rf6 R8d7 43. Rxf7 1-0

[Event "94th FRA-ch Open B 2019"]
[Site "Chartres"]
[Date "2019.08.23"]
[Round "7.1"]
[White "Chabaud, Mathis"]
[Black "Antoine, Jean-Luc"]
[Result "0-1"]
[ECO "B23"]
[WhiteElo "1915"]
[BlackElo "1959"]
[Annotator "NA"]
[PlyCount "126"]
[EventDate "2019.08.17"]
[EventType "swiss"]
[EventCountry "FRA"]
[SourceTitle "playchess.com"]
[Source "ChessBase"]
[SourceQuality "1"]
[TimeControl "40/5400+30:1800+30"]

1. e4 c5 2. Nc3 d6 3. f4 Nf6 4. Nf3 e6 5. Bc4 a6 6. a4 d5 7. exd5 exd5 8. Qe2+ Be7 9. Ba2 Nc6 10. d3 O-O 11. O-O Re8 12. Qf2 Nb4 13. Bb3 Qc7 14. Ne5 Bd6 15. Re1 Bf5 16. Qf1 Re7 17. Bd2 Rae8 18. Kh1 c4 19. dxc4 Bxc2 20. Na2 Bxb3 21. Bxb4 Bxa2 22. Bxd6 Qxd6 23. Rxa2 dxc4 24. Qxc4 Nd7 25. Raa1 Nxe5 26. fxe5 Rxe5 27. Rxe5 Qxe5 28. Rf1 Qe6 29. Qxe6 Rxe6 30. Rc1 g6 31. Kg1 Rb6 32. Rb1 Rb4 33. b3 a5 34. Kf2 f5 35. Ke3 Kf7 36. Kd3 Kf6 37. Kc3 g5 38. Rd1 Ke5 39. Rd7 h5 40. Rh7 h4 41. Rd7 b6 42. Rd3 g4 43. Rd8 g3 44. hxg3 hxg3 45. Rg8 f4 46. Re8+ Kf6 47. Rd8 Re4 48. Rf8+ Kg7 49. Rf5 Kg6 50. Rb5 Re6 51. Rd5 Re3+ 52. Kc4 Kf6 53. Rd8 Ke7 54. Rd4 f3 55. gxf3 Rxf3 56. Rg4 Kf6 57. b4 Kf5 58. Rxg3 Rxg3 59. bxa5 bxa5 60. Kb5 Ke6 61. Kxa5 Kd7 62. Ka6 Kc8 63. a5 Kb8 0-1

[Event "94th FRA-ch Open B 2019"]
[Site "Chartres"]
[Date "2019.08.23"]
[Round "7.2"]
[White "Lucbernet, Thomas"]
[Black "Le Menelec, Erwan-Son"]
[Result "1-0"]
[ECO "A62"]
[WhiteElo "1873"]
[BlackElo "1986"]
[Annotator "NA"]
[PlyCount "97"]
[EventDate "2019.08.17"]
[EventType "swiss"]
[EventCountry "FRA"]
[SourceTitle "playchess.com"]
[Source "ChessBase"]
[SourceQuality "1"]
[TimeControl "40/5400+30:1800+30"]

1. d4 Nf6 2. c4 c5 3. d5 e6 4. Nc3 exd5 5. cxd5 d6 6. Nf3 g6 7. g3 Bg7 8. Bg2 O-O 9. O-O Re8 10. Bf4 a6 11. a4 Nh5 12. Be3 f5 13. Qc1 Bf6 14. Bg5 Nd7 15. Bxf6 Ndxf6 16. Ng5 Ng7 17. e4 fxe4 18. Ngxe4 Bf5 19. Ng5 Qd7 20. a5 h6 21. Nf3 Kh7 22. Qd1 Bh3 23. Qd3 Ngh5 24. Nh4 Rg8 25. Rfe1 Bxg2 26. Kxg2 Ng4 27. Re6 Ne5 28. Qe4 Qf7 29. f4 Nf6 30. Rxf6 Qxf6 31. fxe5 Qxe5 32. Qxe5 dxe5 33. Re1 Rge8 34. Nf3 Kg7 35. Rxe5 Rxe5 36. Nxe5 Re8 37. Nc4 Kf6 38. Kf2 Rc8 39. Nd6 Rd8 40. Nde4+ Ke5 41. Nxc5 Rf8+ 42. Ke2 Rf7 43. Ke3 g5 44. Nd3+ Kd6 45. Kd4 Rf1 46. Ne4+ Kc7 47. Ke5 Rh1 48. d6+ Kd8 49. Ndc5 1-0

[Event "94th FRA-ch Open B 2019"]
[Site "Chartres"]
[Date "2019.08.23"]
[Round "7.3"]
[White "Delin, Valere"]
[Black "Navrotescu, Vlad-Andrei"]
[Result "1-0"]
[ECO "B78"]
[WhiteElo "1866"]
[BlackElo "1943"]
[Annotator "NA"]
[PlyCount "51"]
[EventDate "2019.08.17"]
[EventType "swiss"]
[EventCountry "FRA"]
[SourceTitle "playchess.com"]
[Source "ChessBase"]
[SourceQuality "1"]
[TimeControl "40/5400+30:1800+30"]

1. e4 c5 2. Nf3 d6 3. d4 cxd4 4. Nxd4 Nf6 5. Nc3 g6 6. Be3 Bg7 7. Bc4 O-O 8. f3 Nc6 9. Bb3 Bd7 10. Qd2 Rc8 11. O-O-O Nxd4 12. Bxd4 b5 13. e5 dxe5 14. Bxe5 Bc6 15. Qg5 Qb6 16. h4 b4 17. Na4 Bxa4 18. Bxa4 h6 19. Qd2 Qa5 20. Bxf6 Qxa4 21. Bxg7 Qxa2 22. Qxh6 f6 23. Bxf8 Rxf8 24. Qxg6+ Kh8 25. Qh5+ Kg8 26. Qd5+ 1-0

[Event "94th FRA-ch Open B 2019"]
[Site "Chartres"]
[Date "2019.08.23"]
[Round "7.4"]
[White "Bosc, Gabriel"]
[Black "Ragneau, Freddy"]
[Result "1/2-1/2"]
[ECO "A03"]
[WhiteElo "1893"]
[BlackElo "1814"]
[Annotator "NA"]
[PlyCount "166"]
[EventDate "2019.08.17"]
[EventType "swiss"]
[EventCountry "FRA"]
[SourceTitle "playchess.com"]
[Source "ChessBase"]
[SourceQuality "1"]
[TimeControl "40/5400+30:1800+30"]

1. f4 d5 2. b3 Nf6 3. Bb2 c5 4. Nf3 Nc6 5. e3 a6 6. a4 h6 7. Be2 Bf5 8. O-O e6 9. Ne5 Bh7 10. Nxc6 bxc6 11. d3 Bd6 12. Nd2 Qc7 13. Nf3 d4 14. exd4 Bxf4 15. g3 Be3+ 16. Kg2 cxd4 17. Nxd4 O-O 18. Bf3 Rac8 19. Rb1 e5 20. Ne2 Rfe8 21. Nc3 Rcd8 22. Qe2 Bd4 23. Be4 Bxe4+ 24. dxe4 Qa5 25. Qf3 Rd7 26. Rbd1 Red8 27. Rd3 Qb4 28. Rfd1 Qb7 29. h3 c5 30. Ba1 c4 31. bxc4 Qb4 32. Nd5 Nxd5 33. cxd5 Qxa4 34. Bxd4 exd4 35. Rxd4 Qxc2+ 36. R1d2 Qc5 37. Qb3 Qd6 38. Rc4 Qe5 39. g4 h5 40. Qg3 Qg5 41. Ra2 a5 42. Re2 Re8 43. Rec2 h4 44. Qf3 Qe5 45. Qf2 g5 46. Qf3 Rd6 47. Rf2 Re7 48. Kh1 Rb6 49. Qa3 Kh7 50. Kg2 Kg7 51. Rfc2 Reb7 52. Qc3 Qxc3 53. R4xc3 Rb3 54. d6 Rxc3 55. Rxc3 Kf6 56. Rc5 a4 57. Ra5 Rb2+ 58. Kf1 Rb4 59. Rd5 Rb8 60. Ra5 Ke6 61. Rxa4 Kxd6 62. Ra5 f6 63. Rd5+ Ke6 64. Ke2 Rb4 65. Kf3 Rb3+ 66. Kg2 Rg3+ 67. Kh2 Re3 68. Ra5 Rxe4 69. Kg2 Re3 70. Rb5 Rg3+ 71. Kh2 Rd3 72. Kg2 Rd5 73. Rb2 f5 74. gxf5+ Kxf5 75. Rf2+ Ke4 76. Re2+ Kf4 77. Rf2+ Ke3 78. Rf3+ Ke4 79. Rf2 Rd3 80. Re2+ Kd4 81. Rf2 Rg3+ 82. Kh2 Ke3 83. Ra2 Rf3 1/2-1/2

[Event "94th FRA-ch Open B 2019"]
[Site "Chartres"]
[Date "2019.08.23"]
[Round "7.5"]
[White "Grange, Julien"]
[Black "Partinico, Jeremy"]
[Result "1-0"]
[ECO "A20"]
[WhiteElo "1894"]
[BlackElo "1985"]
[Annotator "NA"]
[PlyCount "89"]
[EventDate "2019.08.17"]
[EventType "swiss"]
[EventCountry "FRA"]
[SourceTitle "playchess.com"]
[Source "ChessBase"]
[SourceQuality "1"]
[TimeControl "40/5400+30:1800+30"]

1. c4 e5 2. g3 Nc6 3. Bg2 f5 4. e3 Nf6 5. d4 e4 6. a3 d5 7. cxd5 Nxd5 8. b4 Bd6 9. Nd2 Be6 10. Nh3 a5 11. bxa5 Rxa5 12. Bb2 Nb6 13. Qc2 O-O 14. O-O Qe7 15. Nf4 Bf7 16. Nb3 Rb5 17. Nd2 Ra8 18. Rfb1 Rba5 19. Nb3 R5a7 20. Bh3 g5 21. Ne2 g4 22. Bf1 Nc4 23. Nf4 Nxa3 24. Bxa3 Rxa3 25. Rxa3 Rxa3 26. Bc4 Nb4 27. Qc1 Na2 28. Qc2 Bxc4 29. Qxc4+ Qf7 30. d5 c6 31. Nd4 Bxf4 32. gxf4 Nc3 33. dxc6 Qxc4 34. cxb7 Nxb1 35. b8=Q+ Kf7 36. Qxb1 Qa6 37. Qb4 Ra1+ 38. Kg2 Qf1+ 39. Kg3 Qg1+ 40. Kh4 Qxf2+ 41. Kg5 Qa2 42. Qb7+ Ke8 43. Qc8+ Kf7 44. Qd7+ Kg8 45. Qe8+ 1-0

[Event "94th FRA-ch Open B 2019"]
[Site "Chartres"]
[Date "2019.08.23"]
[Round "7.6"]
[White "Dubuisson, Mathias"]
[Black "Aubry, Justin"]
[Result "1/2-1/2"]
[ECO "B10"]
[WhiteElo "1876"]
[BlackElo "1915"]
[Annotator "NA"]
[PlyCount "70"]
[EventDate "2019.08.17"]
[EventType "swiss"]
[EventCountry "FRA"]
[SourceTitle "playchess.com"]
[Source "ChessBase"]
[SourceQuality "1"]
[TimeControl "40/5400+30:1800+30"]

1. e4 c6 2. d3 d5 3. Nd2 e5 4. Ngf3 Bd6 5. g3 Nf6 6. Bg2 O-O 7. O-O Re8 8. Qe1 Qc7 9. Nb3 Bg4 10. h3 Bxf3 11. Bxf3 Nbd7 12. Bg2 Re7 13. Be3 Nh5 14. Qe2 g6 15. exd5 f5 16. Bg5 Rf7 17. dxc6 bxc6 18. g4 Ng7 19. Nd2 Ne6 20. Bh4 Nd4 21. Qd1 Raf8 22. c3 Ne6 23. Nc4 Nf4 24. Qf3 Nxg2 25. Qxg2 Kh8 26. f3 Nc5 27. Qe2 Rd7 28. Rad1 Ne6 29. Bg3 Nf4 30. Bxf4 exf4 31. Nxd6 Qxd6 32. Rfe1 fxg4 33. hxg4 Rg7 34. Qe5 Qd8 35. g5 Qb6+ 1/2-1/2